 Dungeon Crawl Stone Soup version 0.26-a0-663-g36e8fdb655 (webtiles) character file.

Game seed: 1904891376853989149

68 marklar909 the Skirmisher (level 4, -11/37 HPs)
             Began as a Formicid Abyssal Knight on Oct 13, 2020.
             Was a Follower of Lugonu.
             Killed by divine providence
             ... invoked by an orc priest
              (13 damage)
             ... on level 2 of the Dungeon.
             The game lasted 00:03:43 (2116 turns).

marklar909 the Skirmisher (Formicid Abyssal Knight) Turns: 2116, Time: 00:03:43

Health: -11/37     AC:  9    Str: 18    XL:     4   Next: 41%
Magic:  5/5        EV:  4    Int: 11    God:    Lugonu [*.....]
Gold:   103        SH:  7    Dex: 10    Spells: 3/3 levels left

rFire    . . .     SeeInvis +   a - +1 mace
rCold    . . .     Faith    .   g - +0 kite shield
rNeg     . . .     Spirit   .   c - +0 chain mail
rPois    .         Reflect  .   (helmet unavailable)
rElec    .         Harm     .   (no cloak)
rCorr    .         Rampage  .   (no gloves)
MR       .....                  (no boots)
Stlth    ..........             (no amulet)
HPRegen  0.12/turn              (no ring)
MPRegen  0.09/turn              (no ring)

@: no status effects
A: permanent stasis, dig shafts and tunnels, four strong arms, antennae 3
a: Dig, Shaft Self, Depart the Abyss, Renounce Religion


You were on level 2 of the Dungeon.
You worshipped Lugonu.
Lugonu was aware of your devotion.
You visited 1 branch of the dungeon, and saw 2 of its levels.
You visited the Abyss 1 time.

You collected 103 gold pieces.

Inventory:

Hand Weapons
 a - a +1 mace (weapon)
Missiles
 d - 7 javelins (quivered)
 j - 21 sling bullets
 k - 78 stones
Armour
 c - a +0 chain mail (worn)
 g - a +0 kite shield (worn)
Scrolls
 h - a scroll of remove curse {unknown}
 i - a scroll of identify {unknown}
 l - a scroll of enchant weapon {unknown}
 m - a scroll of random uselessness {unknown}
Potions
 b - a potion of ambrosia {unknown}
 e - a potion of lignification {unknown}
 f - a potion of curing {unknown}


   Skills:
 + Level 4.2 Fighting
 + Level 2.6 Maces & Flails
 + Level 2.9 Armour
 + Level 1.0 Dodging
 + Level 1.1 Shields
 + Level 2.4 Invocations


You had 3 spell levels left.
You didn't know any spells.
Your spell library was empty.

Dungeon Overview and Level Annotations

Branches:
Dungeon (2/15)

Altars:


Innate Abilities, Weirdness & Mutations

You cannot be hasted, slowed, berserked, paralysed or teleported.
You can dig through walls and to a lower floor.
Your four strong arms can wield two-handed weapons with a shield.
You have a pair of large antennae on your head. (SInv)


Message History

Beogh smites you!
You are too injured to fight recklessly!
The orc priest mumbles some strange prayers to Beogh against you.
Beogh smites you!
* * * LOW HITPOINT WARNING * * *
Unknown command.
You hit the orc priest.
The orc priest is almost dead.
The orc priest hits you but does no damage.
Unknown command.
Okay, then.
You closely miss the orc priest.
The orc priest is almost dead.
You block the orc priest's attack.
Unknown command.
Your chain mail prevents you from hitting the orc priest.
The orc priest is almost dead.
The orc priest mumbles some strange prayers to Beogh against you.
Beogh smites you!
You die...

#.... .. ####. #.. { {
#. #..########{ #.
..........# #.
#.........# # #######.
........#.# o.#.......
#......o#.###...........
#......@.^......#.......
#.........###...###.##..
####.####........##..#†#
#.......##.##.###....
####.##.##.##.##...##
##.#....##.##.#.#.
#.##............#.
####........#.....
##.####.....##.


You could see an orc priest.

Vanquished Creatures
  A gnoll (D:1)
  An adder (D:2)
  2 worms (D:2)
  3 dart slugs (D:1)
  4 bats
  2 giant cockroaches (D:1)
  4 goblins
  8 hobgoblins
  3 jackals (D:2)
  A frilled lizard (D:1)
  3 kobolds
  3 rats
35 creatures vanquished.

Notes
Turn   | Place    | Note
-------+----------+-------------------------------------------
     0 | Abyss:1  | marklar909 the Formicid Abyssal Knight began the quest for
                  | the Orb.
     0 | Abyss:1  | Reached XP level 1. HP: 18/18 MP: 2/2
     9 | Abyss:1  | Found a corrupted altar of Lugonu.
   126 | Abyss:1  | Noticed a large abomination
   213 | Abyss:1  | Noticed a smoke demon
   230 | D:1      | Escaped the Abyss
   385 | D:1      | Reached XP level 2. HP: 21/24 MP: 3/3
   559 | D:1      | Reached * piety under Lugonu
   659 | D:1      | Reached XP level 3. HP: 22/30 MP: 4/4
   789 | D:1      | Reached skill level 4 in Fighting
  1666 | D:2      | Reached XP level 4. HP: 21/37 MP: 5/5
  1896 | D:2      | Reached skill level 1 in Dodging
  1915 | D:2      | Reached skill level 1 in Shields
  2113 | D:2      | HP: 1/37 [orc priest/divine providence (13)]
  2116 | D:2      | Killed from afar by an orc priest

Illustrated notes

Levels and vault maps discovered:
D:1:      nagdon_arrival_double_spiral, layout_basic, minmay_crystal_room
D:2:      layout_loops_cross, minmay_fractal_squares_5

Skill      XL: |  1  2  3  4 |
---------------+-------------+-----
Fighting       | 4 |  4.2
Dodging        | 1 |  1.0
Shields        | 1 |  1.1
Maces & Flails | |  2.6
Armour         | |  2.9
Invocations    | |  2.4

Action                   |  1- 3 |  4- 6 || total
-------------------------+-------+-------++-------
Melee: Mace              |   106 |    28 ||   134
Throw: Javelin           |       |     3 ||     3
Invok: Depart the Abyss  |     1 |       ||     1
 Abil: Dig               |       |     2 ||     2
Armor: Chain mail        |    72 |    12 ||    84
Dodge: Dodged            |    39 |     7 ||    46
Block: Kite shield       |    18 |     9 ||    27

Table legend: (Time is in decaauts)
 A = Elapsed time spent in this place.
 B = Non-inter-level travel time spent in this place.
 C = Inter-level travel time spent in this place.
 D = Time resting spent in this place.
 E = Time spent auto-exploring this place.
 F = Levels seen in this place.
 G = Mean time per level.
                   A        B        C        D        E       F      G
               +--------+--------+--------+--------+--------+-----+--------+
         Total |   2168 |   2072 |     96 |     97 |   1423 |   3 |  722.7 |
       Dungeon |   1935 |   1839 |     96 |     97 |   1312 |   2 |  967.5 |
         Abyss |    233 |    233 |      0 |      0 |    111 |   1 |  233.0 |
               +--------+--------+--------+--------+--------+-----+--------+

Top non-repeatable levels by time:
     D:1: 1374 daAuts
     D:2: 560 daAuts
 Abyss:1: 233 daAuts
